 Dungeon Crawl Stone Soup version 0.29.1-1-gd02db6906a (webtiles) character file.

Game seed: 17078082378736044754

956 Kahsius the Cleaver (level 8, -2/75 HPs)
             Began as a Hill Orc Monk on Sept 20, 2022.
             Was a Believer of Beogh.
             Slain by a gnoll sergeant
             ... wielding a +0 trident
              (8 damage)
             ... on level 6 of the Dungeon.
             The game lasted 00:08:32 (5905 turns).

Kahsius the Cleaver (Hill Orc Monk)                 Turns: 5905, Time: 00:08:32

Health: -2/75      AC:  9    Str: 16    XL:     8   Next: 14%
Magic:  8/8        EV: 10    Int: 10    God:    Beogh [**....]
Gold:   90         SH:  0    Dex: 13    Spells: 7/7 levels left

rFire   . . .      SeeInvis .   x - +0 battleaxe
rCold   . . .      Faith    .   (shield currently unavailable)
rNeg    . . .      Spirit   .   m - +0 scale mail
rPois   .          Reflect  .   g - +0 helmet
rElec   .          Harm     .   B - +0 cloak
rCorr   .          Rampage  .   l - +0 pair of gloves
Will    .....                   (no boots)
Stlth   ..........              (no amulet)
HPRegen 0.22/turn               (no ring)
MPRegen 0.11/turn               (no ring)

@: no status effects
A: no striking features
a: Renounce Religion, Smiting


You were on level 6 of the Dungeon.
You worshipped Beogh.
Beogh was pleased with you.
You visited 1 branch of the dungeon, and saw 6 of its levels.

You collected 192 gold pieces.
You spent 102 gold pieces at shops.

Inventory:

Hand Weapons
 a - a +0 hand axe
 j - a +2 hand axe of flaming
 x - a +0 battleaxe (weapon)
Armour
 b - a +0 robe
 g - a +0 helmet (worn)
 l - a +0 pair of gloves (worn)
 m - a +0 scale mail (worn)
 B - a +0 cloak (worn)
Jewellery
 o - an amulet of regeneration
Scrolls
 d - 7 scrolls of identify {unknown}
 f - a scroll of blinking {unknown}
 h - a scroll of vulnerability {unknown}
 p - 3 scrolls of teleportation {unknown}
 q - a scroll of fear {unknown}
 r - a scroll of noise {unknown}
 t - a scroll of amnesia {unknown}
 u - a scroll of silence {unknown}
 y - a scroll of enchant armour {unknown}
Potions
 c - a potion of ambrosia
 e - a potion of flight {unknown}
 i - a potion of resistance {unknown}
 k - 2 potions of heal wounds
 n - a potion of lignification {unknown}
 s - a potion of curing {unknown}
 v - 2 potions of experience {unknown}
 w - 2 potions of might {unknown}
 z - a potion of magic {unknown}
 A - a potion of invisibility {unknown}


   Skills:
 + Level 8.5 Fighting
 + Level 9.3 Axes
 - Level 2.4 Dodging
 - Level 1.5 Stealth


You had 7 spell levels left.
You didn't know any spells.
Your spell library contained the following spells:

 Spells                   Type           Power      Damage    Failure   Level
 Magic Dart               Conj           0%         1d3       82%         1
 Searing Ray              Conj           0%         2d4       91%         2
 Portal Projectile        Hex/Tloc       0%         N/A       99%         3
 Tukima's Dance           Hex            0%         N/A       99%         3
 Fulminant Prism          Conj/Hex       0%         3d6       100%        4
 Blade Hands              Tmut           0%         N/A       100%        5


Dungeon Overview and Level Annotations

Branches:
Dungeon (6/15)             Temple (0/1) D:5

Altars:

Shops:
D:1 [   D:2 [:*

Annotations:
D:4 1 transporter, Duvessa; MisterFreud's ghost, amateur GnWn


Message History

Beogh accepts your kill.
The gnoll sergeant hits you from afar with a +0 trident.
You slash the gnoll!
You kill the gnoll!
Beogh accepts your kill.
The gnoll sergeant hits you from afar with a +0 trident!
The gnoll sergeant hits you but does no damage.
The gnoll hits you but does no damage.
Things that are here:
a +0 flail; a +0 whip; a +0 flail You hit the gnoll sergeant but do no damage.
You hit the gnoll. The gnoll sergeant barely misses you.
The gnoll hits you but does no damage.
You hit the gnoll sergeant.
The gnoll sergeant is lightly wounded.
You hit the gnoll but do no damage.
The gnoll sergeant hits you but does no damage.
The gnoll closely misses you.
The gnoll sergeant hits you with a +0 trident!
The gnoll hits you but does no damage.
You hit the gnoll sergeant.
The gnoll sergeant is lightly wounded.
You hit the gnoll.
The gnoll sergeant hits you with a +0 trident.
* * * LOW HITPOINT WARNING * * *
The gnoll barely misses you.
You barely miss the gnoll sergeant.
The gnoll sergeant is lightly wounded.
You closely miss the gnoll. The gnoll sergeant barely misses you.
The gnoll hits you with a +0 club.
* * * LOW HITPOINT WARNING * * *
You slash the gnoll sergeant!
The gnoll sergeant is heavily wounded.
You completely miss the gnoll.
The gnoll sergeant hits you with a +0 trident.
* * * LOW HITPOINT WARNING * * *
The gnoll hits you but does no damage. The gnoll hits you with a +0 club!
* * * LOW HITPOINT WARNING * * *
The gnoll sergeant hits you with a +0 trident!
You die...

#.##########
#......@g<.###
#.....###g....###..
#...# ###).......
... #.....### .
g....## g.....#
.h.##...# #### #..#
#..


You could see a gnoll sergeant and a gnoll.

Vanquished Creatures
  A water moccasin (D:4)
  An ice beast (D:5)
  2 ogres (D:5)
  Blork the orc (D:5)
  A scorpion (D:5)
  5 hounds
  A jelly (D:5)
  2 iguanas (D:5)
  11 gnolls
  2 adders
  A white imp (D:5)
  2 ufetubi (D:5)
  2 worms
  7 dart slugs
  An orc (D:5)
  4 endoplasms
  3 giant cockroaches
  5 goblins
  7 hobgoblins
  7 quokkas
  7 ball pythons
  3 bats
  2 frilled lizards
  8 kobolds
  5 rats
91 creatures vanquished.

Notes
Turn   | Place    | Note
-------+----------+-------------------------------------------
     0 | D:1      | Kahsius the Hill Orc Monk began the quest for the Orb.
     0 | D:1      | Reached XP level 1. HP: 19/19 MP: 1/1
   406 | D:1      | Reached XP level 2. HP: 25/27 MP: 2/2
   971 | D:1      | Found Piguediq's Armour Shop.
   987 | D:1      | Found a faded altar of an unknown god.
  1512 | D:1      | Reached XP level 3. HP: 34/34 MP: 3/3
  1820 | D:2      | Reached skill level 5 in Axes
  1942 | D:2      | Found Jofatieg's Armour Emporium.
  1952 | D:2      | Bought a +0 pair of gloves for 54 gold pieces
  1952 | D:2      | Bought a +0 scale mail for 48 gold pieces
  1984 | D:2      | Found Pukoyxt's Book Emporium.
  2166 | D:2      | Found Xiut's Assorted Antiques.
  2669 | D:3      | Reached XP level 4. HP: 41/41 MP: 4/4
  3388 | D:4      | Reached skill level 5 in Fighting
  3453 | D:4      | Reached skill level 6 in Axes
  3453 | D:4      | Reached XP level 5. HP: 23/48 MP: 5/5
  3676 | D:4      | Noticed a water moccasin
  3702 | D:4      | Killed a water moccasin
  3703 | D:4      | Reached XP level 6. HP: 35/57 MP: 6/6
  3834 | D:4      | Became a worshipper of Beogh the Brigand
  3834 | D:4      | Reached * piety under Beogh
  3834 | D:4      | Reached ** piety under Beogh
  3911 | D:4      | Noticed Duvessa
  3983 | D:4      | Found a transporter.
  3983 | D:4      | Noticed MisterFreud's ghost (amateur GnWn)
  3987 | D:4      | Identified the +5 great mace "Hellblazer" {venom, SInv}
  4150 | D:5      | Entered Level 5 of the Dungeon
  4217 | D:5      | Reached skill level 7 in Axes
  4541 | D:5      | Found a staircase to the Ecumenical Temple.
  4599 | D:5      | Reached XP level 7. HP: 59/66 MP: 7/7
  4629 | D:5      | Noticed Blork the orc
  4644 | D:5      | Killed Blork the orc
  4645 | D:5      | Reached skill level 8 in Axes
  5646 | D:5      | Reached skill level 9 in Axes
  5646 | D:5      | Reached XP level 8. HP: 46/75 MP: 8/8
  5905 | D:6      | Slain by a gnoll sergeant

Illustrated notes

Levels and vault maps discovered:
D:1:      sevenhm_arrival_forest_fort_large_4, layout_loops_corners,
          serial_shops, shop, ebering_ecumenical_altar_mist
D:2:      layout_basic, serial_shops, shop, nicolae_square_shop, shop,
          serial_forest, infiniplex_forest_clump_small,
          infiniplex_forest_clump_curved, infiniplex_forest_lined_1,
          infiniplex_forest_lined_4_way, infiniplex_forest_lined_2,
          serial_bayou_pond_c, hangedman_decor_slide_cut
D:3:      layout_basic
D:4:      layout_rooms, gammafunk_ghost_smash, kennysheep_generic_room_14,
          uniq_duvessa
D:5:      layout_loops_ring, temple_doors_e, uniq_blork_the_orc
D:6:      dreamdust_elfheim, layout_layer_cave, old_standard_altar,
          nicolae_shop_fire_sale [nicolae_sub_dead_trees]

Skill      XL: |  1  2  3  4  5  6  7 |
---------------+----------------------+-----
Fighting       | 4 5 6 7 8 |  8.5
Axes           | 5 6 7 9 |  9.3
Dodging        | |  2.4
Stealth        | |  1.5

Action                   |  1- 3 |  4- 6 |  7- 9 || total
-------------------------+-------+-------+-------++-------
Melee: Hand axe          |   131 |   105 |    15 ||   251
       Punch             |       |     2 |     1 ||     3
       Battleaxe         |       |       |    59 ||    59
Invok: Convert to Beogh  |       |     1 |       ||     1
  Use: Potion            |       |     1 |       ||     1
 Stab: Sleeping          |     1 |       |       ||     1
Armor: Robe              |    22 |       |       ||    22
       Scale mail        |    21 |    33 |    32 ||    86
Dodge: Dodged            |    77 |    63 |    45 ||   185
